 Dungeon Crawl Stone Soup version 0.23.2-1-ga50397a (webtiles) character file.

Game seed: 194675316516400999

5836 grundic the Fighter (level 10, 0/93 HPs)
             Began as a Minotaur Berserker on May 11, 2019.
             Was an Elder of Trog.
             Killed by vampiric draining
             ... invoked by Josephine
              (12 damage)
             ... on level 10 of the Dungeon on May 20, 2019.
             The game lasted 00:54:50 (5269 turns).

grundic the Fighter (Minotaur Berserker)            Turns: 5269, Time: 00:54:50

Health: 0/93       AC:  8    Str: 23    XL:     10   Next: 51%
Magic:  9/9        EV: 11    Int:  4    God:    Trog [****..]
Gold:   317        SH:  0    Dex: 12    Spells: 9/9 levels left

rFire    . . .     SeeInvis .   d - +3 flail (holy)
rCold    + . .     Gourm    .   (no shield)
rNeg     . . .     Faith    .   e - +1 scale mail {rC+}
rPois    .         Spirit   .   (helmet restricted)
rElec    .         Reflect  .   (no cloak)
rCorr    .         Harm     .   (no gloves)
MR       .....                  (no boots)
Stlth    ..........             (no amulet)
HPRegen  0.25/turn              (no ring)
MPRegen  0.11/turn              (no ring)

@: very heavily drained
A: retaliatory headbutt, horns 2
a: Berserk, Trog's Hand, Brothers in Arms, Renounce Religion


You were on level 10 of the Dungeon.
You worshipped Trog.
Trog was greatly pleased with you.
You were hungry.

You visited 2 branches of the dungeon, and saw 12 of its levels.
You also visited: Ossuary.

You collected 317 gold pieces.

Inventory:

Hand Weapons
 d - a +3 flail of holy wrath (weapon)
Missiles
 h - 58 poisoned needles
 w - 8 tomahawks (quivered)
Armour
 e - a +1 scale mail of cold resistance (worn)
Jewellery
 x - a +4 ring of intelligence
Wands
 n - a wand of polymorph (3)
 v - a wand of acid (10)
 A - a wand of digging (8)
Scrolls
 g - 4 scrolls of remove curse
 k - a scroll of immolation {unknown}
 l - 2 scrolls of torment
 m - a scroll of enchant armour {unknown}
 p - 4 scrolls of identify
 y - a scroll of teleportation {unknown}
Potions
 b - 3 potions of agility {unknown}
 f - a potion of heal wounds {unknown}
 i - a potion of cancellation
 j - a potion of flight
 r - a potion of magic
 s - 2 potions of brilliance {unknown}
 t - a potion of curing
 u - a potion of haste {unknown}
Comestibles
 a - 3 chunks of flesh
 c - 12 rations


   Skills:
 + Level 10.1(4.3) Fighting
 + Level 10.1(4.3) Maces & Flails
 + Level 9.8(4.1) Armour
 + Level 9.0(3.4) Dodging


You had 9 spell levels left.
You didn't know any spells.
Your spell library was empty.

Dungeon Overview and Level Annotations

Branches:
Dungeon (11/15)            Temple (1/1) D:4
   Lair: D:8-11         Orc: D:9-12

Altars:
Cheibriados
Dithmenos
Elyvilon
Fedhas
Gozag
Hepliaklqana
Makhleb
Nemelex Xobeh
Okawaru
Ru
Sif Muna
Uskayaw
Vehumet
Wu Jian
Xom
Yredelemnul
The Shining One

Annotations:
D:4 Grinder
D:10 Josephine


Innate Abilities, Weirdness & Mutations

You reflexively headbutt those who attack you in melee.
You have a pair of horns on your head.


Message History

Josephine is heavily wounded.
Josephine hits you with a +1 dagger of draining.
* * * LOW HITPOINT WARNING * * *
You feel drained.
You thump Josephine!
Josephine is severely wounded.
Josephine hits you with a +1 dagger of draining.
* * * LOW HITPOINT WARNING * * *
You feel drained.
Josephine hits you with a +1 dagger of draining.
* * * LOW HITPOINT WARNING * * *
You feel drained.
* * * LOW HITPOINT WARNING * * *
You thump Josephine! You headbutt Josephine!
Josephine is almost dead.
Josephine hits you but does no damage.
You feel drained.
You hit Josephine. Your headbutt misses Josephine.
Josephine is almost dead.
Josephine is infused with unholy energy.
You die...

##..##.###.# #.....# #.#
#######.#######.# #.......#
#...# ##.###### #.#######
#.####### #.......# #.......#
#.......#
#..#############.####.......#
...(.(..WWW@@........>......#
#...!..#########....#......(#
#...... ####.#.......#
##..... #.######### #.....
#####.# #....W #....)# #.#.@.
#.####### #.#.#. #.......#
#######.####.#


You could see Josephine and 3 wraiths.

Vanquished Creatures
  A two-headed ogre (D:8)
  Joseph (D:8)
  A kobold demonologist (D:9)
  A wraith (D:10)
  Sigmund (D:4)
  A hungry ghost (D:7)
  Edmund (D:4)
  An ice beast (D:9)
  A black bear (D:9)
  A sky beast (D:10)
  3 ogres
  2 phantoms
  A centaur (D:8)
  17 big kobolds (D:9)
  2 bullfrogs
  A wyvern zombie (D:8)
  3 water moccasin zombies (Ossuary)
  A scorpion (D:9)
  9 killer bees
  3 howler monkeys
  2 crimson imps
  2 centaur zombies
  2 hounds
  2 jellies
  2 bullfrog skeletons
  2 orc priests
  9 orc wizards
  2 iguanas
  Ijyb (D:4)
  Natasha (D:2)
  A worker ant (D:7)
  2 big kobold zombies (Ossuary)
  A hound zombie (D:10)
  3 mummies
  2 worker ant zombies (D:10)
  5 adders
  2 shadow imps
  An ooze (D:4)
  4 adder zombies
  An adder skeleton (D:4)
  23 orcs
  A bat (D:3)
  2 giant cockroaches (D:4)
  4 gnoll zombies (Ossuary)
  2 goblins
  2 hobgoblins (D:3)
  13 kobolds
  A quokka (D:4)
  2 ball pythons (D:4)
  2 frilled lizards
  4 hobgoblin zombies (Ossuary)
  5 kobold zombies (Ossuary)
  5 orc zombies (Ossuary)
  4 rats
  A plant (D:9)
170 creatures vanquished.

Vanquished Creatures (collateral kills)
  A quokka zombie (D:8)
1 creature vanquished.

Vanquished Creatures (others)
  An ogre (D:4)
  2 adders (D:4)
  A quokka (D:4)
4 creatures vanquished.

Grand Total: 175 creatures vanquished

Notes
Turn   | Place    | Note
-------+----------+-------------------------------------------
     0 | D:1      | grundic the Minotaur Berserker began the quest for the Orb.
     0 | D:1      | Reached XP level 1. HP: 19/19 MP: 0/0
   122 | D:2      | Noticed Natasha
   125 | D:2      | Noticed an iron imp
   127 | D:2      | Killed Natasha
   127 | D:2      | Reached XP level 2. HP: 27/27 MP: 1/1
   178 | D:2      | Reached XP level 3. HP: 33/33 MP: 2/2
   600 | D:3      | Reached XP level 4. HP: 35/40 MP: 3/3
   753 | D:4      | Killed an ogre
   831 | D:4      | Noticed Edmund
   848 | D:4      | Killed Edmund
   848 | D:4      | Reached XP level 5. HP: 26/47 MP: 4/4
  1010 | D:4      | Found a staircase to the Ecumenical Temple.
  1021 | Temple   | Entered the Ecumenical Temple
  1160 | D:4      | Noticed a phantom
  1211 | D:4      | Killed a phantom
  1211 | D:4      | Reached skill level 5 in Fighting
  1211 | D:4      | Reached skill level 5 in Maces & Flails
  1211 | D:4      | Reached XP level 6. HP: 35/56 MP: 5/5
  1249 | D:4      | Reached ** piety under Trog
  1431 | D:5      | Entered Level 5 of the Dungeon
  1453 | D:4      | Noticed Sigmund
  1464 | D:4      | Killed Sigmund
  1504 | D:4      | Found a basalt altar of Yredelemnul.
  1509 | D:4      | Noticed Ijyb
  1523 | D:4      | Killed Ijyb
  1679 | D:4      | Found a shimmering altar of Xom.
  1697 | D:4      | Reached skill level 5 in Armour
  1721 | D:4      | Noticed Grinder
  1724 | D:4      | Paralysed by Grinder for 7 turns
  1823 | D:6      | Reached XP level 7. HP: 58/62 MP: 6/6
  1856 | D:6      | Found a sand-covered staircase.
  1866 | Ossuary  | Entered an ossuary
  1934 | Ossuary  | Reached skill level 5 in Dodging
  2035 | Ossuary  | Reached *** piety under Trog
  2294 | D:6      | Reached XP level 8. HP: 44/71 MP: 7/7
  2729 | D:8      | Reached **** piety under Trog
  3206 | D:8      | Noticed a +0 hand axe
  3207 | D:8      | Noticed a -3 hand axe
  3209 | D:8      | Found a hide-covered altar of Uskayaw.
  3291 | D:8      | Reached XP level 9. HP: 81/81 MP: 8/8
  3409 | D:8      | Noticed Joseph
  3429 | D:8      | HP: 4/81 [acid (9)]
  3436 | D:8      | HP: 6/121 [Joseph/+1 quarterstaff of protection (5)]
  3442 | D:8      | Killed Joseph
  3885 | D:8      | Found a sparkling altar of Nemelex Xobeh.
  4179 | D:8      | Noticed a two-headed ogre
  4191 | D:8      | Killed a two-headed ogre
  4397 | D:10     | Entered Level 10 of the Dungeon
  4489 | D:9      | Reached XP level 10. HP: 40/91 MP: 9/9
  4899 | D:9      | Found a blossoming altar of Fedhas.
  5130 | D:10     | Reached skill level 10 in Fighting
  5130 | D:10     | Reached skill level 10 in Maces & Flails
  5238 | D:10     | Noticed Josephine
  5269 | D:10     | Killed from afar by Josephine

Skill      XL: |  1  2  3  4  5  6  7  8  9 10 |
---------------+-------------------------------+-----
Fighting       | 4 5 6 7 9 10 | 10.1
Maces & Flails | 4 5 6 7 9 10 | 10.1
Armour         | 3 4 5 6 7 9 |  9.8
Dodging        | 3 4 5 6 8 9 |  9.0

Action                   |  1- 3 |  4- 6 |  7- 9 | 10-12 || total
-------------------------+-------+-------+-------+-------++-------
Melee: Mace              |    30 |    25 |       |       ||    55
       Headbutt          |     1 |    11 |    48 |    23 ||    83
       Flail             |       |    46 |   228 |   122 ||   396
       Unarmed           |       |     7 |       |       ||     7
Throw: Stone             |    11 |    10 |       |       ||    21
       Tomahawk          |       |     4 |    30 |     8 ||    42
Invok: Berserk           |       |     4 |     3 |       ||     7
       Trog's Hand       |       |       |     5 |     1 ||     6
       Brothers in Arms  |       |       |     1 |       ||     1
  Use: Scroll            |       |     5 |     2 |     2 ||     9
       Potion            |       |     4 |     4 |     2 ||    10
 Stab: Sleeping          |     1 |       |       |       ||     1
  Eat: Chunk             |       |     3 |     8 |       ||    11
       Ration            |       |     1 |     2 |     1 ||     4
Armor: Animal skin       |     4 |     4 |       |       ||     8
       Scale mail        |       |    14 |    63 |    34 ||   111
       Skin              |       |     3 |       |       ||     3
Dodge: Dodged            |    23 |    40 |   143 |    51 ||   257
